 Dungeon Crawl Stone Soup version 0.30-a0-1018-g25214051b3 (webtiles) character file.

Game seed: 713468929593096795

45 greenreed the Trooper (level 3, -2/24 HPs)
             Began as a Gargoyle Fighter on Apr 7, 2023.
             Slain by a hobgoblin (4 damage)
             ... led by Robin
             ... on level 1 of the Dungeon.
             The game lasted 00:01:34 (699 turns).

greenreed the Trooper (Gargoyle Fighter)             Turns: 699, Time: 00:01:35

Health: -2/24      AC: 11    Str: 21    XL:     3   Next: 64%
Magic:  3/3        EV:  9    Int:  8    God:
Gold:   13         SH:  4    Dex:  9    Spells: 2/2 levels left

rFire   . . .      SeeInvis .    a - +0 flail
rCold   . . .      Faith    .    c - +0 buckler
rNeg    + . .      Spirit   .    b - +0 scale mail
rPois   ∞          Reflect  .    j - +1 hat
rElec   +          Rampage  .    (no cloak)
rCorr   .                        (no gloves)
Will    .....                    (no boots) Stlth
                                 (no amulet)
HPRegen 0.24/turn                (no ring)
MPRegen 0.08/turn                (no ring)

@: mighty
A: sickness immunity, AC +3, negative energy resistance 1, electricity
resistance, torment resistance 1, petrification resistance
a: no special abilities


You were on level 1 of the Dungeon.
You visited 1 branch of the dungeon, and saw 2 of its levels.

You collected 13 gold pieces.

Inventory:

Hand Weapons
 a - a +0 flail (weapon)
Armour
 b - a +0 scale mail (worn)
 c - a +0 buckler (worn)
 j - a +1 hat (worn)
Scrolls
 e - a scroll of immolation {unknown}
 g - a scroll of magic mapping {unknown}
 k - a scroll of enchant armour {unknown}
 l - a scroll of vulnerability {unknown}
 m - a scroll of poison {unknown}
Potions
 f - a potion of degeneration {unknown}
 h - a potion of curing {unknown}
 i - a potion of lignification {unknown}


   Skills:
 * Level 3.9 Fighting
 * Level 2.7 Maces & Flails
 + Level 3.6 Armour
 + Level 3.5 Shields


You had 2 spell levels left.
You didn't know any spells.
Your spell library was empty.

Dungeon Overview and Level Annotations

Branches:
Dungeon (2/15)

Altars:

Shops:
D:1 [

Annotations:
D:2 Robin


Innate Abilities, Weirdness & Mutations

You are immune to sickness and miasma.
Your stone body is resilient. (AC +3)
You are immune to poison.
You resist negative energy. (rN+)
You are resistant to electric shocks. (rElec)
You are resistant to unholy torment.
You are immune to petrification.


Message History

Robin roars a battlecry!
The goblins go into a battle-frenzy!
There is a stone staircase leading up here.
The hobgoblin barely misses you. The goblin hits you with a +0 club.
The goblin hits you but does no damage. The goblin barely misses you.
The goblin hits you with a +0 dagger. The goblin hits you but does no damage.
You climb upwards.
There is a stone staircase leading down here.
You barely miss the hobgoblin. The goblin closely misses you.
The hobgoblin barely misses you. The goblin barely misses you.
You barely miss the hobgoblin. The goblin hits you but does no damage.
The hobgoblin hits you but does no damage.
You block the goblin's attack.
You hit the hobgoblin but do no damage. The goblin hits you with a +0 dagger.
The hobgoblin hits you.
The goblin hits you but does no damage. x2
The goblin barely misses you. The hobgoblin hits you.
* * * LOW HITPOINT WARNING * * *
You are too injured to fight recklessly!
You closely miss the goblin. The goblin hits you but does no damage.
You block the hobgoblin's attack. The goblin hits you but does no damage.
You barely miss the goblin. The goblin hits you but does no damage.
The hobgoblin hits you but does no damage.
The goblin closely misses you.
You feel very mighty all of a sudden. The goblin hits you but does no damage.
The hobgoblin hits you.
* * * LOW HITPOINT WARNING * * *
The goblin hits you but does no damage.
You sock the goblin!
You kill the goblin!
The goblin closely misses you. You block the hobgoblin's attack.
You closely miss the goblin. The goblin hits you but does no damage.
The hobgoblin closely misses you. The goblin hits you with a +0 dagger.
* * * LOW HITPOINT WARNING * * *
The goblin hits you but does no damage. The hobgoblin misses you.
The goblin hits you but does no damage.
You thump the goblin!
You kill the goblin!
The goblin no longer looks unusually strong.
The goblin closely misses you. The hobgoblin hits you.
You die...

######## #g@)g..#
#g####.# ## #g# #.# .#
#.# #.# †# #.# #.#
.##############.####.#
..................##)#
.##############.#.##.#
.# #......#


You could see a hobgoblin (strong) and 3 goblins.

Vanquished Creatures
  An adder (D:1)
  A dart slug (D:1)
  2 endoplasms (D:1)
  A giant cockroach (D:1)
  5 hobgoblins (D:1)
  2 jackals (D:1)
  2 quokkas (D:1)
  6 ball pythons
  3 frilled lizards (D:1)
  8 goblins (D:1)
  A rat (D:1)
32 creatures vanquished.

Notes
Turn   | Place    | Note
-------+----------+-------------------------------------------
     0 | D:1      | greenreed the Gargoyle Fighter began the quest for the Orb.
     0 | D:1      | Reached XP level 1. HP: 14/14 MP: 1/1
    94 | D:1      | Reached XP level 2. HP: 14/19 MP: 2/2
   443 | D:1      | Reached XP level 3. HP: 24/24 MP: 3/3
   530 | D:1      | Found Oshro Gui's Antique Armour Emporium.
   635 | D:2      | Noticed Robin
   699 | D:1      | Slain by a hobgoblin

Illustrated notes

Levels and vault maps discovered:
D:1:      tarquinn_simple_flora_water_c, layout_loops_ring, serial_shops, shop
D:2:      layout_rooms, shapermc_ecumenical_altar_mp_ritualfount, minmay_cupped,
          uniq_terence, uniq_robin

Action                     || total
---------------------------++-------
  Melee: Flail             ||    82
    Use: Potion            ||     1
 Armour: Scale mail        ||    70
  Dodge: Dodged            ||    50
  Block: Buckler           ||    21

Table legend: (Time is in decaauts)
 A = Elapsed time spent in this place.
 B = Non-inter-level travel time spent in this place.
 C = Inter-level travel time spent in this place.
 D = Time resting spent in this place.
 E = Time spent auto-exploring this place.
 F = Levels seen in this place.
 G = Mean time per level.
                   A        B        C        D        E       F      G
               +--------+--------+--------+--------+--------+-----+--------+
         Total |    726 |    726 |      0 |     20 |    508 |   2 |  363.0 |
       Dungeon |    726 |    726 |      0 |     20 |    508 |   2 |  363.0 |
               +--------+--------+--------+--------+--------+-----+--------+

Top non-repeatable levels by time:
     D:1: 718 daAuts
     D:2: 8 daAuts
